 Dungeon Crawl Stone Soup version 0.29-a0-100-g60f898f876 (webtiles) character file.

Game seed: 16081723694377672297

84 esteth the Magician (level 4, -2/34 HPs)
             Began as a Djinni Hedge Wizard on Feb 14, 2022.
             Slain by an orc (3 damage)
             ... on level 3 of the Dungeon.
             The game lasted 00:03:53 (2422 turns).

esteth the Magician (Djinni Hedge Wizard)           Turns: 2422, Time: 00:03:54

Health: -2/34      AC:  3    Str: 15    XL:     4   Next: 74%
Gold:   155        EV: 12    Int: 17    God:
                   SH:  0    Dex: 13

rFire   + + .      SeeInvis .   l - +3 dagger (venom)
rCold   x . .      Faith    .   (no shield)
rNeg    . . .      Spirit   .   b - +0 robe
rPois   ∞          Reflect  .   c - +0 hat
rElec   .          Harm     .   (no cloak)
rCorr   .          Rampage  .   a - +0 pair of gloves
Will    .....                   (boots unavailable)
Stlth   ++........              (no amulet)
HPRegen 0.11/turn               S - +6 ring of strength
MPRegen 0.00/turn               (no ring)

@: mighty, flying
A: sickness immunity, fire resistance 2, cold vulnerability 1, float, innate
caster, HP casting, extra vitality 1
a: no special abilities


You were on level 3 of the Dungeon.
You visited 1 branch of the dungeon, and saw 3 of its levels.

You collected 155 gold pieces.


Innate Abilities, Weirdness & Mutations

You are immune to sickness and miasma.
You are immune to poison.
Your flesh is very heat resistant. (rF++)
You are vulnerable to cold. (rC-)
You float through the air rather than walking.
You learn spells naturally, not from books.
Your magical power is your life essence.
You have superior vitality. (+4 MHP)


   Skills:
 + Level 2.6 Fighting
 - Level 2.1 Dodging
 - Level 1.5 Stealth
 + Level 3.3 Spellcasting


You couldn't memorise any spells.
You knew the following spells:

 Your Spells              Type           Power      Damage    Failure   Level
a - Apportation           Tloc           28%        N/A       4%          1
b - Blink                 Tloc           28%        N/A       7%          2
c - Call Imp              Summ           14%        N/A       7%          2
f - Conjure Flame         Conj/Fire      14%        6-21      13%         3
m - Magic Dart            Conj           56%        1d5       4%          1
s - Slow                  Hex            56%        N/A       4%          1
M - Mephitic Cloud        Conj/Pois/Air  14%        N/A       13%         3
Your spell library was empty.

Inventory:

Hand Weapons
 g - a +0 whip of venom
   (You found it on level 1 of the Dungeon)
 l - a +3 dagger of venom (weapon)
   (You took it off a goblin on level 1 of the Dungeon)
Missiles
 d - 21 bolts
 e - 3 boomerangs
 f - 48 sling bullets
 i - 61 stones
 n - 18 arrows
Armour
 a - a +0 pair of gloves (worn)
   (You found it on level 1 of the Dungeon)
 b - a +0 robe (worn)
 c - a +0 hat (worn)
Jewellery
 S - a +6 ring of strength (left hand)
   (You found it on level 2 of the Dungeon)
Scrolls
 h - a scroll of identify {unknown}
 j - a scroll of brand weapon {unknown}
 k - a scroll of fog {unknown}
 m - a scroll of enchant weapon {unknown}
 p - a scroll of amnesia {unknown}

Dungeon Overview and Level Annotations

Branches:
Dungeon (3/15)

Altars:
Gozag

Annotations:
D:3 Robin . ♣.♣............... .. ♣.♣...###)########## ..g ♣.♣##..............# .g.. ♣.♣##'###.########.# .ggg.

#.#.).†....# #.#
......##...g.)....# #.#####
.g.gggo.##...go)5.# ##...P.#
....gg#.##....g...######.P...♣P..
..... ♣.♣♣†..)go@.'.....P...P♣
...♣ ♣o♣♣♣♣.o....####.......PP ..


P.P ♣......# ##P♣P.PP♣.. . ... ♣♣....## #.P♣..P♣ .# .o. ♣##.... ..PP♣♣♣P # .)⌠..
#..... ....♣ #............ #...#########. ....# #. You could see 3 orcs, a
hobgoblin, 3 goblins and a friendly crimson imp (summoned).


Message History

The bat appears confused.
The bat is engulfed in noxious fumes.
The bat appears confused.
The bat is engulfed in noxious fumes.
The bat appears confused.
The goblin barely misses you.
You hit the goblin.
The bat is engulfed in noxious fumes.
The bat appears confused.
The bat is engulfed in noxious fumes.
The bat appears confused.
The bat is engulfed in noxious fumes.
The bat appears confused.
The goblin misses you.
You closely miss the goblin. Your punch misses the goblin. The bat misses you.
The goblin hits you but does no damage.
You hit the goblin.
You kill the goblin!
The bat closely misses you.
The bat hits itself but does no damage. 😕 HP[+1]
You hit the bat.
You kill the bat!
Casting: Mephitic Cloud (quite dangerous; 14% risk of failure)
Confirm with . or Enter, or press ? or * to list all spells.
The spell is quite dangerous to miscast (14% risk of failure)!
Continue anyway?
Aiming: Mephitic Cloud (quite dangerous; 14% risk of failure)
Press: ? - help, Shift-Dir - straight line, f - goblin
Aim: a goblin, wielding a +1 dagger of venom (chance to affect: 96%)
The ball explodes into a vile cloud!
The stinking cloud engulfs the goblin but does no damage.
The stinking cloud engulfs the orc but does no damage.
The stinking cloud engulfs the hobgoblin but does no damage.
The hobgoblin is engulfed in noxious fumes.
The hobgoblin appears confused.
The goblin is engulfed in noxious fumes.
The goblin appears confused.
The orc is engulfed in noxious fumes.
The orc appears confused. 😕 HP[-3]
You take 3 damage, and now have 28/33 hp.
You strike the helpless hobgoblin from behind!
You puncture the hobgoblin!
You kill the hobgoblin!
The goblin is engulfed in noxious fumes.
An orc wizard comes into view. It is wielding a +0 club.
You completely miss the goblin.
The goblin hits you with a +1 dagger of venom.
The orc is engulfed in noxious fumes.
The orc appears confused. 😕 HP[-1]
You take 1 damage, and now have 27/33 hp.
You closely miss the goblin. The goblin hits you but does no damage.
You catch the helpless goblin completely off-guard!
You puncture the goblin!
You kill the goblin! 😕 HP[+1]
You now have 34 max hp (+1).
The orc wizard shouts!
The orc closely misses you.
You hit the orc wizard but do no damage.
The orc wizard is poisoned.
You punch the orc wizard, but do no damage.
The orc wizard hits you with a +0 club. The orc closely misses you. 😮 HP[-4]
You take 4 damage, and now have 24/34 hp.
You hit the orc wizard. The orc wizard closely misses you.
The orc misses you. 😮 HP[+1]
You miss the orc wizard. The orc wizard barely misses you.
The orc barely misses you.
You closely miss the orc wizard. The orc closely misses you.
The orc wizard barely misses you. The orc closely misses you.
You hit the orc wizard.
The orc wizard looks as sick as possible!
The orc closely misses you. The orc wizard casts a spell at you.
The magic dart hits you.
The orc hits you from afar with a +0 spear.
* * * LOW HITPOINT WARNING * * *
😨 HP[-12]
You take 12 damage, and now have 13/34 hp.
MASSIVE DAMAGE!! (PAUSE)
The orc closely misses you. The goblin hits you but does no damage.
You kill the orc wizard!
The goblin unwields a +0 club.
The goblin wields a +0 hunting sling.
The goblin shoots a stone.
The stone hits you.
* * * LOW HITPOINT WARNING * * *
😱 HP[-5]
You take 5 damage, and now have 8/34 hp.
The orc hits the goblin with a +0 hand axe!
The goblin is killed!
Casting: Mephitic Cloud (quite dangerous; 13% risk of failure)
Confirm with . or Enter, or press ? or * to list all spells.
A beastly little devil appears in a puff of flame.
* * * LOW HITPOINT WARNING * * *
The goblin unwields a +0 dagger.
The goblin wields a +0 hunting sling.
The goblin shoots a stone.
The stone hits you.
* * * LOW HITPOINT WARNING * * *
The orc hits you but does no damage.
The goblin shoots a stone.
The stone closely misses you. 😱 HP[-7]
You take 7 damage, and now have 1/34 hp.
MASSIVE DAMAGE!! (PAUSE)
Okay, then.
It was a potion of might.
You feel very mighty all of a sudden.
The goblin shoots a stone.
The stone misses you.
The orc closely misses the goblin.
The orc hits you from afar with a +0 spear.
You die...

Skill      XL: |  1  2  3 |
---------------+----------+-----
Fighting       | 1 2 |  2.6
Spellcasting   | 3 |  3.3
Dodging        | |  2.1
Stealth        | |  1.5

Action                   |  1- 3 |  4- 6 || total
-------------------------+-------+-------++-------
Melee: Whip              |    22 |       ||    22
       Dagger            |    68 |    20 ||    88
       Punch             |       |     1 ||     1
 Cast: Magic Dart        |    20 |       ||    20
       Mephitic Cloud    |       |     2 ||     2
       Call Imp          |       |     1 ||     1
  Use: Potion            |       |     1 ||     1
 Stab: Sleeping          |     1 |       ||     1
       Confused          |       |     2 ||     2
Armor: Robe              |    10 |     5 ||    15
Dodge: Dodged            |    61 |    24 ||    85

Levels and vault maps discovered:
D:1:      dpeg_arrival_short_road, layout_basic, moated_statue,
          minmay_box_of_dots
D:2:      layout_loops_corners, basic_altar, minmay_splitting_lines,
          nicolae_underground_beach
D:3:      layout_basic, nzn_hepliaklqana_mist_gate, serial_forest,
          infiniplex_forest_clump_C, infiniplex_forest_diagonal,
          infiniplex_forest_straight_3, infiniplex_forest_fountain,
          infiniplex_forest_fountain, infiniplex_forest_clump_cross,
          infiniplex_forest_join, infiniplex_forest_lined_3_way,
          kennysheep_another_room, uniq_robin, uniq_ijyb, uniq_jessica,
          uniq_terence

Notes
Turn   | Place    | Note
-------+----------+-------------------------------------------
     0 | D:1      | esteth the Djinni Hedge Wizard began the quest for the Orb.
     0 | D:1      | Reached XP level 1. HP: 15/15 MP: 0/0
     0 | D:1      | magus.rc [v1.11.3]
   455 | D:1      | Reached skill level 1 in Fighting
   455 | D:1      | Reached XP level 2. HP: 21/22 MP: 0/0
  1140 | D:2      | Reached XP level 3. HP: 23/27 MP: 0/0
  1140 | D:2      | Learned a level 1 spell: Apportation
  1433 | D:2      | Found an opulent altar of Gozag.
  1536 | D:2      | Reached skill level 2 in Fighting
  1575 | D:2      | Reached skill level 3 in Spellcasting
  2317 | D:3      | Reached XP level 4. HP: 30/33 MP: 0/0
  2393 | D:3      | Noticed Robin
  2419 | D:3      | HP: 8/34 [goblin/stone[Robin] (5)]
  2421 | D:3      | HP: 1/34 [goblin/stone[Robin] (5)]
  2422 | D:3      | Slain by an orc

Vanquished Creatures
  An orc wizard (D:3)
  An adder (D:2)
  2 worms (D:2)
  A dart slug (D:3)
  An orc (D:3)
  2 giant cockroaches
  11 hobgoblins
  3 quokkas
  A ball python (D:3)
  4 bats
  8 goblins
  2 kobolds
  A rat (D:1)
38 creatures vanquished.

Table legend:
 A = Non-vault XP
 B = Vault XP
 C = Vault XP percentage of total XP
 D = Non-vault monster count
 E = Vault monster count
 F = Vault count percentage of total count
                 A         B        C        D         E       F
            +---------+---------+-------+---------+---------+-------
      Total |     109 |      12 |   9.9 |      31 |       7 |  18.4
            +---------+---------+-------+---------+---------+-------
        D:1 |      22 |       4 |  15.4 |      13 |       3 |  18.8
        D:2 |      38 |       0 |   0.0 |      11 |       0 |   0.0
        D:3 |      49 |       8 |  14.0 |       7 |       4 |  36.4
            +---------+---------+-------+---------+---------+-------

Illustrated notes

Table legend:
 A = Kills in this place as a percentage of kills in entire the game.
 B = Kills by you in this place as a percentage of kills by you in the entire game.
 C = Kills by friends in this place as a percentage of kills by friends in the entire game.
 D = Other kills in this place as a percentage of other kills in the entire game.
 E = Experience gained in this place as a percentage of experience gained in the entire game.
 F = Experience gained in this place divided by the number of levels of this place that you have seen.
                   A       B       C       D       E      F
               +-------+-------+-------+-------+-------+----------------------
         Total | 100.0 | 100.0 |   N/A | 100.0 | 100.0 |  40.3
       Dungeon | 100.0 | 100.0 |   N/A | 100.0 | 100.0 |  40.3
               +-------+-------+-------+-------+-------+----------------------

Table legend: (Time is in decaauts)
 A = Elapsed time spent in this place.
 B = Non-inter-level travel time spent in this place.
 C = Inter-level travel time spent in this place.
 D = Time resting spent in this place.
 E = Time spent auto-exploring this place.
 F = Levels seen in this place.
 G = Mean time per level.
                   A        B        C        D        E       F      G
               +--------+--------+--------+--------+--------+-----+--------+
         Total |   2422 |   2396 |     26 |      0 |   2079 |   3 |  807.3 |
       Dungeon |   2422 |   2396 |     26 |      0 |   2079 |   3 |  807.3 |
               +--------+--------+--------+--------+--------+-----+--------+

Top non-repeatable levels by time:
     D:2: 1205 daAuts
     D:1: 1039 daAuts
     D:3: 177 daAuts
